 Dungeon Crawl Stone Soup version 0.20.0-8-g6b59dc7 (webtiles) character file.

3248 Minion the Fighter (level 9, -3/83 HPs)
             Began as a White Draconian Berserker on May 29, 2017.
             Was an Elder of Trog.
             Slain by a hell rat (13 damage)
             ... on level 7 of the Dungeon.
             The game lasted 00:15:37 (7284 turns).

Minion the Fighter (White Draconian Berserker)      Turns: 7284, Time: 00:15:38

Health: -3/83      AC:  9    Str: 22    XL:     9   Next: 67%
Magic:  9/9        EV: 15    Int:  7    God:    Trog [****..]
Gold:   318        SH:  0    Dex: 12    Spells: 8/8 levels left

rFire    . . .     SeeInvis .   i - +0 battleaxe
rCold    + . .     Gourm    .   (shield currently unavailable)
rNeg     . . .     Faith    .   (armour unavailable)
rPois    .         Spirit   .   (helmet restricted)
rElec    .         Reflect  .   (no cloak)
rCorr    .         Harm     .   y - +0 pair of gloves
MR       ++...                  f - +0 pair of boots
Stlth    +.........             (no amulet)
Regen    1.3/turn               a - ring of flight
MPRegen  0.2/turn               (no ring)

@: berserk cooldown, regenerating, slowed, drained, very slow
A: breathe frost, unfitting armour, cold resistance 1, cold-blooded, AC +7
a: Breathe Frost, Berserk, Trog's Hand, Brothers in Arms, Burn Spellbooks,
Renounce Religion, Evoke Flight


You were on level 7 of the Dungeon.
You worshipped Trog.
Trog was greatly pleased with you.
You were near starving.

You visited 1 branch of the dungeon, and saw 7 of its levels.
You also visited: Ossuary.

You collected 318 gold pieces.

Inventory:

Hand Weapons
 i - a +0 battleaxe (weapon)
Armour
 f - a +0 pair of boots (worn)
 y - a +0 pair of gloves (worn)
Jewellery
 a - a ring of flight (left hand)
 J - an uncursed ring of resist corrosion {unknown}
Wands
 d - a wand of scattershot (5/9)
 m - a wand of iceblast (6/15)
 q - a wand of confusion (16/48)
 r - a wand of acid (2/15)
 t - a wand of scattershot (9/9)
 x - a wand of confusion (28/48)
Scrolls
 e - 11 scrolls of remove curse
 n - 4 scrolls of identify
 p - 3 scrolls of enchant weapon
 s - 2 scrolls of magic mapping
 w - 3 scrolls of recharging
 z - a scroll of teleportation
 A - a scroll of fog {unknown}
 D - a scroll of blinking {unknown}
 F - 3 scrolls of fear
 H - a scroll of immolation {unknown}
Potions
 c - 3 potions of curing
 g - 4 potions of mutation
 h - 3 potions of might
 j - a potion of heal wounds
 l - a potion of degeneration {unknown}
 o - 2 potions of ambrosia {unknown}
 u - a potion of experience {unknown}
 v - 4 potions of agility
 E - 2 potions of haste {unknown}
 G - a potion of lignification {unknown}
 I - a potion of brilliance {unknown}
Books
 B - a Young Poisoner's Handbook

   Spells                             Type                      Level
   a - Sting                          Conjuration/Poison           1
   b - Poisonous Vapours              Poison/Air                   2
   c - Mephitic Cloud                 Conjuration/Poison/Air       3
   d - Olgreb's Toxic Radiance        Poison                       4
   e - Venom Bolt                     Conjuration/Poison           5
   Trog disapproves of the use of such an item.
 C - a book of Misfortune

   Spells                             Type                      Level
   a - Confusing Touch                Hexes                        1
   b - Confuse                        Hexes                        3
   c - Gell's Gravitas                Translocation                3
   d - Petrify                        Transmutation/Earth          4
   e - Metabolic Englaciation         Hexes/Ice                    5
   f - Yara's Violent Unravelling     Hexes/Transmutation          5
   Trog disapproves of the use of such an item.
Comestibles
 b - 3 bread rations
 k - a meat ration


   Skills:
 + Level 9.1(7.8) Fighting
 + Level 8.6(7.3) Axes
 + Level 7.9(6.6) Dodging


You had 8 spell levels left.
You didn't know any spells.

Dungeon Overview and Level Annotations

Branches:
Dungeon (7/15)             Temple (0/1) D:7

Altars:

Annotations:
D:6 5 exclusions


Innate Abilities, Weirdness & Mutations

You can breathe waves of freezing cold.
You can buffet flying creatures when you breathe cold.
Your icy white scales are hard. (AC +7)
You cannot fit into any form of body armour.
Your flesh is cold resistant. (rC+)
You are cold-blooded and may be slowed by cold attacks.


Message History

The rat barely misses you. The river rat completely misses you.
The hell rat barely misses you. The rat misses you.
You are too injured to fight recklessly!
You slice the river rat!!
You kill the river rat!
Trog accepts your kill.
You hit the hell rat but do no damage. You closely miss the rat.
The hell rat bites you!
* * * LOW HITPOINT WARNING * * *
You feel drained.
* * * LOW HITPOINT WARNING * * *
Your two-headed ogre hits the hell rat with a dire flail!
Your two-headed ogre misses the hell rat.
The rat barely misses you. The hell rat barely misses you.
The rat closely misses you.
Your two-headed ogre hits the hell rat with a dire flail!!
The hell rat dies!
The rat barely misses you. The hell rat bites you!
You die...

#.#.#
###.#
##.##
#.#.##
##.#.#
##.##
##.#
###O#
#r@##
#r#.#
# #
#r# #


rr. # .#... .##..#. #. .##.#. . ) # ## . # You could see a hell rat, 4 rats and
a friendly two-headed ogre (berserk).

Vanquished Creatures
  The ghost of IcySystem the Stinger, a novice OpVM of Sif Muna (D:6)
  Grinder (D:6)
  A wraith (Ossuary)
  A hornet zombie (D:6)
  An ice beast (D:6)
  An orc warrior (D:7)
  4 ogres
  2 phantoms
  A crocodile (D:4)
  A bullfrog (D:7)
  3 scorpions
  10 wights
  2 howler monkeys (D:7)
  2 crimson imps
  A quasit (D:7)
  A hound (D:6)
  A centaur skeleton (D:5)
  4 orc wizards
  4 orc priests
  An iguana (D:4)
  Terence (D:2)
  Natasha (thrice) (D:2)
  2 hell rats (D:7)
  3 worker ants
  A mummy (Ossuary)
  4 gnolls (D:3)
  8 adders
  5 river rats
  2 adder zombies
  3 adder skeletons
  3 worms
  A dart slug (D:1)
  4 leopard geckos
  18 orcs
  2 ball pythons (D:2)
  7 bats
  6 giant cockroaches
  6 goblins
  9 hobgoblins
  3 jackals (D:7)
  9 quokkas
  4 frilled lizards
  5 gnoll skeletons (Ossuary)
  6 kobolds
  10 kobold skeletons (Ossuary)
  A leopard gecko skeleton (D:5)
  A leopard gecko zombie (D:5)
  10 orc skeletons (Ossuary)
  16 rats
196 creatures vanquished.

Vanquished Creatures (collateral kills)
  A hell rat (D:7)
1 creature vanquished.

Grand Total: 197 creatures vanquished

Notes
Turn   | Place    | Note
-------+----------+-------------------------------------------
     0 | D:1      | Minion the Draconian Berserker began the quest for the Orb.
     0 | D:1      | Reached XP level 1. HP: 19/19 MP: 1/1
   396 | D:1      | Reached XP level 2. HP: 26/26 MP: 2/2
  1181 | D:2      | Noticed Terence
  1187 | D:2      | Killed Terence
  1187 | D:2      | Reached XP level 3. HP: 33/33 MP: 3/3
  1345 | D:2      | Reached XP level 4. HP: 38/40 MP: 4/4
  1444 | D:2      | Reached skill level 4 in Fighting
  1596 | D:2      | Noticed Natasha
  1602 | D:2      | Killed Natasha
  1602 | D:2      | Reached ** piety under Trog
  1675 | D:2      | Noticed Natasha
  1688 | D:2      | Killed Natasha
  2105 | D:2      | Noticed Natasha
  2117 | D:2      | Killed Natasha
  2117 | D:2      | Reached XP level 5. HP: 38/47 MP: 5/5
  2706 | D:3      | Reached XP level 6. HP: 55/55 MP: 6/6
  2774 | D:4      | Reached *** piety under Trog
  2848 | D:4      | Reached skill level 5 in Fighting
  2848 | D:4      | Reached skill level 5 in Axes
  3602 | D:5      | Entered Level 5 of the Dungeon
  3664 | D:5      | Your scales start taking on an icy white colour.
  3664 | D:5      | Reached XP level 7. HP: 44/62 MP: 7/7
  3664 | D:5      | Gained mutation: Your flesh is cold resistant. (rC+) [White Draconian growth]
  3819 | D:5      | Reached skill level 6 in Fighting
  3819 | D:5      | Reached skill level 5 in Dodging
  4632 | D:5      | Reached XP level 8. HP: 64/71 MP: 8/8
  5154 | D:6      | Noticed IcySystem's ghost (novice OpVM)
  5172 | D:6      | Killed IcySystem's ghost
  5172 | D:6      | Reached skill level 7 in Fighting
  5718 | D:6      | Reached **** piety under Trog
  5738 | D:6      | Reached XP level 9. HP: 76/81 MP: 9/9
  5765 | D:6      | Reached skill level 8 in Fighting
  6092 | D:6      | Noticed Grinder
  6108 | D:6      | Killed Grinder
  6516 | D:7      | Received a gift from Trog
  6582 | D:7      | Found a sand-covered staircase.
  6587 | Ossuary  | Entered an ossuary
  6912 | D:7      | Found a staircase to the Ecumenical Temple.
  7186 | D:7      | Reached ***** piety under Trog
  7186 | D:7      | Reached skill level 9 in Fighting
  7284 | D:7      | Slain by a hell rat

Skill      XL: |  1  2  3  4  5  6  7  8  9 |
---------------+----------------------------+-----
Dodging        | 3 4 5 6 7 |  7.9
Axes           | 4 5 6 7 8 |  8.6
Fighting       | 4 5 6 7 9 |  9.1

Action                   |  1- 3 |  4- 6 |  7- 9 || total
-------------------------+-------+-------+-------++-------
Melee: Hand axe          |    66 |       |       ||    66
       Tailslap          |     8 |    20 |    45 ||    73
       War axe           |       |   149 |    58 ||   207
       Battleaxe         |       |       |   262 ||   262
Invok: Berserk           |     1 |     5 |    11 ||    17
       Trog's Hand       |       |       |     1 ||     1
       Brothers in Arms  |       |       |     1 ||     1
  Use: Scroll            |       |       |    14 ||    14
 Stab: Distracted        |     1 |       |       ||     1
  Eat: Chunk             |     2 |    13 |    16 ||    31
       Fruit             |       |       |     3 ||     3
       Royal jelly       |       |       |     1 ||     1
Armor: Skin              |    13 |    38 |    76 ||   127
Dodge: Dodged            |    46 |    96 |   236 ||   378
